AoeStats
← mryendl2410

Black Forest

510333545Analyzed
4v4 RM · 17h ago on Sep 30, 2026· 40m 48s· 8 players
Game mode
Random Map
Map size
Large (8 player)
Population
200
Speed
Normal
Resources
Standard
Victory
Conquest
Starting age
Dark Age
Ending age
Imperial Age
RankedLock teamsTeams togetherTeam positionsShared explorationLock speedFull tech treeHidden civsTurbo modeCheats
Victory
Defeat
🇺🇸 Britons · United States
1373
+12
🇳🇴 Khmer · Norway
1302
+15
🇨🇳 Bulgarians · China
1295
+15
🇵🇪 Japanese · Peru
1276
+16
🇺🇸 Mongols · United States
1325
-15
🇨🇳 Wu · China
1299
-15
🇻🇳 Britons · Vietnam
1282
-15
🇨🇳 Burgundians · China
1229
-13
Noob
11:04 Feudal Age
14:07 Castle Age
12:24 Double-Bit Axe
12:21 Horse Collar
13:36 Loom
16:48 Bloodlines
16:39 Husbandry
23:20 Scale Barding Armor
25:03 Chain Barding Armor
25:24 Forging
28:42 Iron Casting
33:16 Imperial Age
33:19 Wheelbarrow
33:30 Elite Battle Elephant
35:49 Plate Barding Armor
36:15 Blast Furnace
37:25 Tusk Swords
38:10 Fletching
39:09 Conscription
40:49 Bow Saw
40:40 Heavy Plow
40:32 Gold Mining
WILL_THE_AVERAGE
0:59 Loom
11:03 Feudal Age
15:27 Castle Age
15:02 Horse Collar
15:10 Double-Bit Axe
16:40 Town Watch
18:18 Heavy Plow
28:33 Bow Saw
30:25 Wheelbarrow
30:28 Gold Mining
31:40 Fletching
34:36 Imperial Age
32:07 Bodkin Arrow
32:13 Padded Archer Armor
31:49 Crossbowman
33:01 Hand Cart
33:57 Gold Shaft Mining
33:12 Stone Mining
33:40 Leather Archer Armor
35:08 Ballistics
34:49 Arbalester
35:36 Bracer
36:39 Chemistry
38:22 Two-Man Saw
37:59 Ring Archer Armor
39:06 Forging
38:56 Scale Mail Armor
38:21 Pikeman
39:02 Squires
40:16 Conscription
41:08 Iron Casting
40:48 Chain Mail Armor
40:43 Siege Engineers
kraquen
0:45 Loom
13:41 Feudal Age
25:00 Castle Age
30:14 Fletching
35:31 Horse Collar
37:30 Scale Mail Armor
41:06 Imperial Age
40:51 Chain Mail Armor
40:46 Forging
41:45 Wheelbarrow
仙逆许木
11:17 Feudal Age
12:05 Double-Bit Axe
14:57 Castle Age
12:59 Horse Collar
16:05 Bow Saw
16:58 Wheelbarrow
20:26 Heavy Plow
21:25 Gold Mining
23:58 Hand Cart
24:09 Loom
24:21 Stone Mining
25:57 Gold Shaft Mining
25:57 Stone Shaft Mining
27:05 Stone Shaft Mining
29:34 Imperial Age
28:17 Stirrups
28:36 Scale Barding Armor
28:42 Forging
29:23 Chain Barding Armor
30:03 Ballistics
29:39 Heavy Scorpion
29:41 Elite Konnik
30:42 Conscription
31:00 Plate Barding Armor
31:29 Iron Casting
32:17 Chemistry
31:50 Siege Engineers
32:55 Blast Furnace
31:45 Fletching
31:36 Capped Ram
33:05 Bodkin Arrow
32:33 Siege Ram
34:02 Bracer
34:20 Masonry
37:36 Coinage
41:36 Architecture
41:47 Crop Rotation
青柑普洱
0:42 Loom
10:11 Feudal Age
11:32 Man-at-Arms
12:42 Arson
13:03 Horse Collar
14:22 Double-Bit Axe
18:38 Wheelbarrow
17:51 Town Watch
18:41 Wheelbarrow
18:32 Stone Mining
21:51 Castle Age
20:02 Gold Mining
22:15 Fletching
22:53 Bow Saw
23:17 Bodkin Arrow
23:58 Heavy Plow
25:17 Pikeman
26:23 Squires
28:56 Scale Mail Armor
30:27 Gold Shaft Mining
36:41 Imperial Age
35:25 Padded Archer Armor
36:33 Stone Shaft Mining
36:25 Red Cliffs Tactics
36:43 Leather Archer Armor
37:08 Ballistics
38:28 Conscription
38:29 Bracer
jinzhi
4:42 Double-Bit Axe
12:53 Feudal Age
11:37 Horse Collar
16:30 Castle Age
15:40 Bow Saw
16:14 Scale Barding Armor
16:21 Forging
24:58 Cavalier
28:08 Gold Mining
29:26 Heavy Plow
30:19 Wheelbarrow
34:30 Imperial Age
33:14 Hand Cart
33:37 Chain Barding Armor
33:52 Iron Casting
34:44 Husbandry
34:57 Paladin
36:14 Plate Barding Armor
38:13 Blast Furnace
37:36 Loom
37:36 Town Watch
mryendl2410
1:03 Loom
11:45 Feudal Age
12:47 Double-Bit Axe
15:23 Castle Age
13:52 Horse Collar
16:15 Fletching
17:16 Crossbowman
19:51 Bodkin Arrow
22:28 Padded Archer Armor
30:23 Imperial Age
28:53 Bow Saw
29:34 Ballistics
30:29 Wheelbarrow
29:58 Heavy Plow
29:50 Gold Mining
31:08 Bracer
32:58 Leather Archer Armor
34:24 Two-Man Saw
34:13 Arbalester
Azwad
11:30 Feudal Age
12:57 Loom
16:23 Castle Age
14:46 Double-Bit Axe
14:48 Horse Collar
17:33 Bow Saw
17:25 Heavy Plow
22:44 Wheelbarrow
24:55 Hand Cart
25:51 Town Watch
29:58 Imperial Age
28:23 Forging
28:18 Scale Barding Armor
28:25 Bloodlines
28:15 Husbandry
27:37 Light Cavalry
30:25 Iron Casting
30:10 Chain Barding Armor
31:54 Conscription
31:40 Gold Mining
31:18 Onager
33:11 Siege Onager
36:27 Drill
35:52 Hussar
37:33 Blast Furnace
36:56 Fletching
37:54 Masonry
38:45 Chemistry
Connection lost

Rejoining the realm…

Still unreachable

The connection could not be restored.

Session expired

The server has moved on; the page needs a fresh start.